 Dungeon Crawl Stone Soup version 0.27.0-66-gdc8fb28755 (webtiles) character file.

Game seed: 1922484815142171912

25 Spectrina the Covert (level 2, 0/18 HPs)
             Began as a Vampire Delver on Aug 20, 2021.
             Slain by a scorpion (3 damage)
             ... on level 6 of the Dungeon.
             The game lasted 00:01:11 (185 turns).

Spectrina the Covert (Vampire Delver)                Turns: 185, Time: 00:01:12

Health: 0/18       AC:  3    Str: 11    XL:     2   Next: 82%
Magic:  2/2        EV: 12    Int: 12    God:
Gold:   0          SH:  0    Dex: 15    Spells: 1/1 levels left

rFire    . . .     SeeInvis +   a - +0 short sword
rCold    + + .     Faith    .   (no shield)
rNeg     + + +     Spirit   .   b - +0 leather armour
rPois    ∞         Reflect  .   (no helmet)
rElec    .         Harm     .   (no cloak)
rCorr    .         Rampage  .   (no gloves)
Will     .....                  (no boots)
Stlth    ++++++....             (no amulet)
HPRegen  0.00/turn              (no ring)
MPRegen  0.08/turn              (no ring)

@: bloodless, inhibited regen
A: bloodless, fangs 3, see invisible, vampiric 1
a: Revivify


You were on level 6 of the Dungeon.
You visited 1 branch of the dungeon, and saw 2 of its levels.

Inventory:

Hand Weapons
 a - a +0 short sword (weapon)
Armour
 b - a +0 leather armour (worn)
Jewellery
 j - a ring of poison resistance
Wands
 g - a wand of digging (3)
Scrolls
 c - a scroll of fog
 d - a scroll of magic mapping
 e - a scroll of fear
 h - a scroll of teleportation {unknown}
 i - a scroll of vulnerability {unknown}
Potions
 f - a potion of haste


   Skills:
 - Level 2.6 Fighting
 - Level 2.1 Short Blades
 - Level 2.1 Dodging
 + Level 8.5 Stealth


You had one spell level left.
You didn't know any spells.
Your spell library was empty.

Dungeon Overview and Level Annotations

Branches:
Dungeon (6/15)
 Temple: D:4-7

Altars:


Innate Abilities, Weirdness & Mutations

You do not regenerate when monsters are visible.
You are frail without blood (-20% HP).
You can heal yourself when you bite living creatures.
You are immune to poison.
You have razor-sharp teeth.
You have supernaturally acute eyesight. (SInv)
You are afflicted with vampirism.


Message History

You hit the howler monkey skeleton. You bite the howler monkey skeleton.
The howler monkey skeleton is severely damaged.
The howler monkey skeleton closely misses you.
You hit the howler monkey skeleton but do no damage.
The howler monkey skeleton is severely damaged.
The howler monkey skeleton hits you.
You hit the howler monkey skeleton.
The howler monkey skeleton is almost destroyed.
The howler monkey skeleton hits you.
You hit the howler monkey skeleton.
You destroy the howler monkey skeleton!
Found a stone staircase leading down.
Found a scratched brass ring.
You see here a ring of poison resistance.
You see here a ring of poison resistance.
j - a ring of poison resistance A gnoll comes into view.
It is wielding a +0 flail. 2 gnolls come into view.
A gnoll comes into view. It is wielding a +0 club.
A scorpion comes into view.
The gnoll shouts! x3
Unknown command.
The scorpion stings you.
There is a stone staircase leading down here.
The scorpion closely misses you.
You climb downwards.
You hear the hiss of flowing sand.
There is an entrance to an ossuary on this level.
Hurry and find it before the portal is buried!
A hound and an ufetubus come into view.
Found a metallic black potion.
There is a stone staircase leading up here.
The scorpion stings you.
* * * LOW HITPOINT WARNING * * *
You see here a metallic black potion.
Unknown command.
The helpless hound fails to defend itself.
You bite the hound, and draw its blood!
You feel better.
You impale the hound!!
You kill the hound!
The scorpion stings you.
You die...

##+##
##.†.##
##..s@.##
##...!...##
#.........#
+..<......+
#...5.....#
##.......##
##.....##
##...##
##+##


You could see a scorpion and an ufetubus (asleep).

Vanquished Creatures
  A hound (D:6)
  2 howler monkey skeletons (D:5)
  An adder skeleton (D:5)
  A quokka (D:5)
5 creatures vanquished.

Notes
Turn   | Place    | Note
-------+----------+-------------------------------------------
     0 | D:5      | Spectrina the Vampire Delver began the quest for the Orb.
     0 | D:5      | Reached XP level 1. HP: 17/17 MP: 1/1
    18 | D:5      | Reached skill level 8 in Stealth
    18 | D:5      | Reached XP level 2. HP: 10/18 MP: 2/2
    72 | D:5      | Noticed a water moccasin
   152 | D:5      | Noticed a scorpion
   185 | D:6      | Slain by a scorpion

Illustrated notes

Levels and vault maps discovered:
D:5:      layout_layer_cave, temple_pool_b
D:6:      layout_loops_corners, lightli_ossuary_entry_decrepit_ruins,
          grunt_ministairs_11, nrook_mini_backslash

Skill      XL: |  1 |
---------------+----+-----
Stealth        | 8 |  8.5
Fighting       | |  2.6
Short Blades   | |  2.1
Dodging        | |  2.1

Action                   || total
-------------------------++-------
Melee: Short sword       ||    16
       Bite              ||     2
 Abil: Exsanguinate      ||     1
 Stab: Sleeping          ||     3
Armor: Leather armour    ||     2
Dodge: Dodged            ||     9
